 Dungeon Crawl Stone Soup version 0.28-a0-1365-g7e0445c96d (webtiles) character file.

Game seed: 15930566998467883303

804 Deminshera the Caller (level 7, -10/72 HPs)
             Began as an Ogre Summoner on Dec 31, 2021.
             Mangled by Duvessa (11 damage)
             ... on level 4 of the Dungeon.
             The game lasted 00:11:32 (6578 turns).

Deminshera the Caller (Ogre Summoner)               Turns: 6578, Time: 00:11:33

Health: -10/72     AC:  4    Str: 11 (13) XL:     7   Next: 91%
Magic:  11/13      EV: 10    Int: 21 (24) God:
Gold:   256        SH:  0    Dex: 14 (15) Spells: 4/14 levels left

rFire   . . .      SeeInvis .   l - +0 spear
rCold   . . .      Faith    .   (no shield)
rNeg    . . .      Spirit   .   a - +0 robe
rPois   .          Reflect  .   (helmet restricted)
rElec   .          Harm     .   i - +0 cloak
rCorr   .          Rampage  .   (gloves unavailable)
Will    .....                   (boots unavailable)
Stlth   ++........              (no amulet)
HPRegen 0.22/turn               b - +6 ring of dexterity
MPRegen 0.13/turn               j - +6 ring of intelligence

@: no status effects
A: large, unfitting armour, tough skin 1
a: no special abilities


You were on level 4 of the Dungeon.
You visited 1 branch of the dungeon, and saw 5 of its levels.

You collected 280 gold pieces.
You spent 24 gold pieces at shops.

Inventory:

Hand Weapons
 l - a +0 spear (weapon)
Armour
 a - a +0 robe (worn)
 i - a +0 cloak (worn)
Jewellery
 b - a +6 ring of dexterity (left hand)
 j - a +6 ring of intelligence (right hand)
 o - a ring of fire
Scrolls
 f - a scroll of fear {unknown}
 m - a scroll of vulnerability {unknown}
 n - a scroll of identify
 q - a scroll of enchant weapon {unknown}
 r - a scroll of amnesia {unknown}
 s - a scroll of brand weapon {unknown}
 u - a scroll of blinking {unknown}
Potions
 g - a potion of lignification
 k - 2 potions of ambrosia


   Skills:
 + Level 5.3 Fighting
 - Level 1.7 Dodging
 - Level 2.0 Stealth
 - Level 4.0 Spellcasting
 * Level 6.6 Summonings
 - Level 2.0 Air Magic


You had 4 spell levels left.
You knew the following spells:

 Your Spells              Type           Power      Damage    Failure   Level
a - Summon Small Mammal   Summ           100%       N/A       1%          1
b - Call Imp              Summ           32%        N/A       1%          2
c - Call Canine Familiar  Summ           32%        N/A       2%          3
d - Summon Lightning Spi  Summ/Air       22%        N/A       21%         4

Your spell library contained the following spells:

 Spells                   Type           Power      Damage    Failure   Level
 Shock                    Conj/Air       32%        1d5       8%          1
 Summon Guardian Golem    Hex/Summ       18%        N/A       9%          3
 Swiftness                Air            12%        N/A       16%         3
 Scorch                   Fire           8%         2d5       19%         2
 Airstrike                Air            6%         N/A       45%         4
 Flame Wave               Conj/Fire      4%         2d4       75%         4
 Summon Cactus Giant      Summ           16%        N/A       75%         6


Dungeon Overview and Level Annotations

Branches:
Dungeon (5/15)             Temple (0/1) D:5

Altars:
Cheibriados
Elyvilon
Gozag
Vehumet
Wu Jian
Xom

Shops:
D:3 *

Annotations:
D:4 Duvessa


Innate Abilities, Weirdness & Mutations

You are too large for most types of armour.
You have tough skin. (AC +1)


Message History

Duvessa hits you with a +0 short sword!
* * * LOW HITPOINT WARNING * * *
Your hound closely misses Duvessa.
Duvessa barely misses you.
Your hound closely misses Duvessa.
It was a potion of attraction.
You feel attractive to monsters. Duvessa hits you but does no damage.
Your hound closely misses Duvessa.
It was a potion of haste.
You feel yourself speed up. Duvessa hits you with a +0 short sword.
* * * LOW HITPOINT WARNING * * *
Your hound barely misses Duvessa.
Duvessa hits you but does no damage.
Your hound bites Duvessa but does no damage.
It was a potion of cancellation.
Your magical effects are unravelling.
You feel magically purged.
You feel less wooden.
Your +0 cloak unmelds from your body.
Your +0 robe unmelds from your body.
You feel less invigorated.
You feel yourself slow down.
You feel less confused. Duvessa hits you with a +0 short sword!
* * * LOW HITPOINT WARNING * * *
Your hound bites Duvessa but does no damage.
You feel less attractive to monsters.
Your crimson imp hits Duvessa but does no damage.
It was a potion of degeneration.
There was something very wrong with that liquid.
You feel weakened.
You feel dopey.
You feel clumsy.
Duvessa hits your crimson imp with a +0 short sword.
Your hound bites Duvessa but does no damage.
Your crimson imp hits Duvessa.
Your hound bites Duvessa but does no damage.
Duvessa hits your crimson imp with a +0 short sword!
Your crimson imp dies!
Your crimson imp disappears in a puff of smoke!
Casting: Call Imp (safe; 1% risk of failure)
Confirm with . or Enter, or press ? or * to list all spells.
A beastly little devil appears in a puff of frigid air.
Duvessa closely misses you.
Your hound closely misses Duvessa.
Duvessa hits you with a +0 short sword!
You die...

# #.# #######.######
.#..(........#
.#.###.#####.# .#.#
#.#####.##### .#.#
#.##........# ##### ...#
#.##.##.###.#### #####...#
.### #.##.##....5...#
#.......## ##
#........##@##.# #.##....(#
#
####..##.##e##^###.##.#.#.#
# ##.##.##§h.)....##.#.#.#
#######
#.##.#####8######.#.#.#
......# #.........>..#
#.#.#.# #####.#
#.##.........# #.....#
....#.####.###........#
###(###
........).....[.......# #.#
....#.####.###........# #.#


You could see Duvessa (berserk, fast, ally target), a friendly hound (summoned)
and a friendly white imp (summoned).

Vanquished Creatures
  An orc priest (D:4)
  A hound skeleton (D:2)
  2 adder skeletons (D:4)
  An orc (D:4)
  3 endoplasms
  4 giant cockroaches
  A kobold (D:2)
  2 ball pythons
  A bat (D:3)
  3 rats
19 creatures vanquished.

Vanquished Creatures (collateral kills)
  2 necrophages (D:4)
  An ogre (D:4)
  A phantom (D:3)
  Dowan (D:4)
  5 wights (D:4)
  Crazy Yiuf (D:2)
  A hound (D:3)
  4 adders
  2 worms
  A dart slug (D:2)
  5 orcs
  2 endoplasms
  2 giant cockroaches
  3 goblins
  2 hobgoblins
  4 jackals (D:2)
  3 quokkas
  7 ball pythons
  4 bats
  3 frilled lizards
  4 kobolds
  A rat (D:3)
59 creatures vanquished.

Grand Total: 78 creatures vanquished

Notes
Turn   | Place    | Note
-------+----------+-------------------------------------------
     0 | D:1      | Deminshera the Ogre Summoner began the quest for the Orb.
     0 | D:1      | Reached XP level 1. HP: 16/16 MP: 3/3
   788 | D:1      | Reached XP level 2. HP: 23/26 MP: 1/5
  1024 | D:1      | Found a faded altar of an unknown god.
  1028 | D:1      | Learned a level 2 spell: Call Imp
  1215 | D:1      | Reached skill level 1 in Fighting
  2059 | D:2      | Found a radiant altar of Vehumet.
  2179 | D:2      | Reached skill level 4 in Summonings
  2179 | D:2      | Reached XP level 3. HP: 32/33 MP: 0/7
  2191 | D:2      | Learned a level 3 spell: Call Canine Familiar
  2688 | D:2      | Found a runed translucent door.
  2689 | D:2      | Noticed Crazy Yiuf
  2821 | D:2      | Reached XP level 4. HP: 42/42 MP: 8/8
  3387 | D:2      | Killed Crazy Yiuf
  3707 | D:3      | Found Qeitasao's General Store.
  3709 | D:3      | Noticed a phantom
  3735 | D:3      | Killed a phantom
  3736 | D:3      | Reached XP level 5. HP: 21/52 MP: 5/10
  3744 | D:3      | Learned a level 4 spell: Summon Lightning Spire
  3745 | D:3      | Bought a scroll of identify for 24 gold pieces
  4053 | D:3      | Reached skill level 5 in Summonings
  4309 | D:3      | Found an ornate altar of the Wu Jian Council.
  4332 | D:3      | Reached XP level 6. HP: 46/61 MP: 8/11
  4557 | D:3      | Found a shimmering altar of Xom.
  4567 | D:3      | Found an opulent altar of Gozag.
  5313 | D:4      | Noticed a necrophage
  5319 | D:4      | Killed a necrophage
  5320 | D:4      | Reached skill level 1 in Air Magic
  5345 | D:4      | Reached XP level 7. HP: 70/70 MP: 6/13
  5874 | D:4      | Found a snail-covered altar of Cheibriados.
  5918 | D:4      | Reached skill level 6 in Summonings
  6303 | D:4      | Found a white marble altar of Elyvilon.
  6493 | D:5      | Entered Level 5 of the Dungeon
  6493 | D:5      | Noticed Duvessa
  6493 | D:5      | Noticed Dowan
  6493 | D:5      | Found a staircase to the Ecumenical Temple.
  6504 | D:4      | Reached skill level 5 in Fighting
  6570 | D:4      | Killed Dowan
  6574 | D:4      | HP: 1/72 [Duvessa (14)]
  6578 | D:4      | Mangled by Duvessa

Illustrated notes

Levels and vault maps discovered:
D:1:      ncdulo_watergridlock, layout_rooms, hellmonk_ecumenical_altar_lost_god
D:2:      minmay_wonky_spiral, layout_loops_ring, basic_altar, minivault_27,
          uniq_crazy_yiuf_cottage
D:3:      layout_basic, mainiacjoe_overflow_24_doors,
          amethyst_overflow_temple_binary, serial_shops, nicolae_shop_stone,
          minmay_fractal_squares_5
D:4:      layout_loops_cross, mainiacjoe_overflow_two_lobes
D:5:      layout_gridville, grunt_temple_overflow_growth_and_decay,
          nicolae_uskayaw_murder_on_the_dancefloor, minmay_temple_entry_grid,
          nicolae_shop_unique_rings, uniq_duvessa, uniq_pikel,
          uniq_prince_ribbit1

Skill      XL: |  1  2  3  4  5  6  7 |
---------------+----------------------+-----
Fighting       | 1 2 3 4 5 |  5.3
Summonings     | 4 5 6 |  6.6
Spellcasting   | 3 4 |  4.0
Stealth        | 2 |  2.0
Air Magic      | 1 2 |  2.0
Dodging        | |  1.7

Action                   |  1- 3 |  4- 6 |  7- 9 || total
-------------------------+-------+-------+-------++-------
Melee: Unarmed           |    86 |    74 |       ||   160
       Spear             |       |    28 |    26 ||    54
 Cast: Summon Small Mamm |    12 |       |       ||    12
       Call Imp          |    20 |     5 |     4 ||    29
       Call Canine Famil |     1 |    16 |     5 ||    22
       Summon Lightning  |       |       |     7 ||     7
  Use: Scroll            |       |     1 |       ||     1
       Potion            |       |       |     8 ||     8
 Stab: Sleeping          |     2 |     2 |     2 ||     6
       Distracted        |       |       |     1 ||     1
Armor: Robe              |    47 |    31 |    13 ||    91
       Skin              |       |       |     7 ||     7
Dodge: Dodged            |    63 |    51 |    16 ||   130

Table legend: (Time is in decaauts)
 A = Elapsed time spent in this place.
 B = Non-inter-level travel time spent in this place.
 C = Inter-level travel time spent in this place.
 D = Time resting spent in this place.
 E = Time spent auto-exploring this place.
 F = Levels seen in this place.
 G = Mean time per level.
                   A        B        C        D        E       F      G
               +--------+--------+--------+--------+--------+-----+--------+
         Total |   6585 |   6465 |    120 |   2421 |   3142 |   5 | 1317.0 |
       Dungeon |   6585 |   6465 |    120 |   2421 |   3142 |   5 | 1317.0 |
               +--------+--------+--------+--------+--------+-----+--------+

Top non-repeatable levels by time:
     D:1: 1896 daAuts
     D:4: 1661 daAuts
     D:2: 1622 daAuts
     D:3: 1390 daAuts
     D:5: 15 daAuts
